 Dungeon Crawl Stone Soup version 0.20.1-1-g8b1a95d (webtiles) character file.

592 BakaWarrior999 the Skirmisher (level 7, 0/62 HPs)
             Began as a Purple Draconian Berserker on July 4, 2017.
             Was a Believer of Trog.
             Killed from afar by a deep elf mage (18 damage)
             ... with a stone arrow
             ... on level 7 of the Dungeon.
             The game lasted 00:29:07 (3217 turns).

BakaWarrior999 the Skirmisher (DrBe)                Turns: 3217, Time: 00:29:08

Health: 0/62       AC:  6    Str: 21    XL:     7   Next: 16%
Magic:  7/7        EV: 14    Int:  7    God:    Trog [**....]
Gold:   221        SH:  0    Dex: 11    Spells: 6/6 levels left

rFire    . . .     SeeInvis .   y - +0 halberd
rCold    . . .     Gourm    .   (shield currently unavailable)
rNeg     . . .     Faith    .   (armour unavailable)
rPois    .         Spirit   .   (helmet restricted)
rElec    .         Reflect  .   (no cloak)
rCorr    .         Harm     .   (no gloves)
MR       +++..                  (no boots)
Stlth    +.........             (no amulet)
Regen    1.2/turn               (no ring)
MPRegen  0.1/turn               (no ring)

@: berserk cooldown, regenerating, slowed, very slow
A: breathe power, unfitting armour, cold-blooded, AC +6
a: Breathe Dispelling Energy, Berserk, Trog's Hand, Burn Spellbooks, Renounce
Religion


You were on level 7 of the Dungeon.
You worshipped Trog.
Trog was pleased with you.
You were near starving.

You visited 1 branch of the dungeon, and saw 6 of its levels.

You collected 221 gold pieces.

Inventory:

Hand Weapons
 m - a cursed -3 longbow
 n - a +0 spear
 y - a +0 halberd (weapon)
 A - a +2 whip of flaming
 E - a +0 giant club
Armour
 c - a cursed +0 ring mail
 p - a +0 leather armour
 B - a cursed +0 ring mail
Wands
 a - a wand of iceblast (3/15)
 u - a wand of confusion (16/48)
Scrolls
 d - 3 scrolls of identify
 g - a scroll of noise {unknown}
 k - a scroll of recharging {unknown}
 q - a scroll of teleportation
 r - a scroll of enchant armour {unknown}
 s - a scroll of fog {unknown}
 t - a scroll of magic mapping {unknown}
 x - 2 scrolls of fear
Potions
 e - 2 potions of invisibility
 h - a potion of flight
 i - a potion of resistance {unknown}
 j - 2 potions of brilliance
 l - a potion of agility {unknown}
 o - a potion of curing
 v - a potion of heal wounds {unknown}
 w - a potion of berserk rage
 C - a potion of haste {unknown}
Comestibles
 b - 6 bread rations
 f - a fruit
 z - 2 royal jellies
 F - 2 meat rations


   Skills:
 * Level 5.7 Fighting
 + Level 5.0 Polearms
 * Level 5.0 Dodging
 + Level 1.0 Stealth
 + Level 0.2 Evocations


You had 6 spell levels left.
You didn't know any spells.

Dungeon Overview and Level Annotations

Branches:
Dungeon (7/15)
 Temple: D:4-7

Altars:
Xom


Innate Abilities, Weirdness & Mutations

You can breathe bolts of dispelling energy.
Your rich purple scales are hard. (AC +6)
You cannot fit into any form of body armour.
You are cold-blooded and may be slowed by cold attacks.


Message History

Your tail-slap misses the deep elf mage.
The deep elf mage is moderately wounded.
The deep elf mage gestures at you while chanting.
The stone arrow hits you!
You impale the deep elf mage!!
The deep elf mage is almost dead.
The deep elf mage hits you but does no damage.
The earth elemental hits you!!
* * * LOW HITPOINT WARNING * * *
You feel a strong urge to attack something.
You are too berserk!
You feel your anger subside.
You are no longer berserk.
You are exhausted.
You feel yourself slow down.
Your skin crawls.
You feel resistant to hostile enchantments.
You feel somewhat more hungry. The deep elf mage casts a spell at you.
The stone arrow hits you!
You die...

+..... #..... ....#
#.....### .....#
........# #....#
.....(..# #....#
........# #....#
........########....##
........@.e.EEE......#
#
.......#######.......#
# .....). #.......# #
....... #.......####
...#### #...........
.. ### #..'.......( .
##8## #...........
#...# #...........
#...###...##+#####


You could see 3 earth elementals and a deep elf mage.

Vanquished Creatures
  A hungry ghost (D:7)
  An orc warrior (D:7)
  An ogre (D:7)
  A scorpion (D:4)
  A crimson imp (D:3)
  2 orc wizards
  Ijyb (D:3)
  A howler monkey skeleton (D:4)
  3 gnolls (D:7)
  2 adders
  3 worms
  A dart slug (D:2)
  11 orcs
  A ball python (D:2)
  2 hobgoblins (D:2)
  2 jackals (D:3)
  2 quokkas
  5 bats
  3 frilled lizards
  4 goblins
  5 kobolds
  3 rats
  2 bushes (D:4)
  A plant (D:4)
59 creatures vanquished.

Notes
Turn   | Place    | Note
-------+----------+-------------------------------------------
     0 | D:1      | BakaWarrior999 the Draconian Berserker began the quest for the Orb.
     0 | D:1      | Reached XP level 1. HP: 19/19 MP: 1/1
    85 | D:1      | You fall through a shaft!
   341 | D:2      | Reached XP level 2. HP: 26/26 MP: 2/2
   461 | D:2      | Reached XP level 3. HP: 9/33 MP: 3/3
   821 | D:3      | Noticed Ijyb
   838 | D:3      | Killed Ijyb
  1034 | D:3      | Reached XP level 4. HP: 34/41 MP: 4/4
  1134 | D:3      | Reached ** piety under Trog
  1562 | D:4      | Reached XP level 5. HP: 47/47 MP: 5/5
  1626 | D:4      | Found a shimmering altar of Xom.
  2231 | D:4      | You fall through a shaft!
  2231 | D:5      | Entered Level 5 of the Dungeon
  2329 | D:5      | You fall through a shaft for 2 floors!
  2329 | D:7      | Noticed an orc warrior
  2341 | D:7      | Killed an orc warrior
  2341 | D:7      | Reached skill level 5 in Fighting
  2341 | D:7      | Reached XP level 6. HP: 56/56 MP: 6/6
  2664 | D:7      | Noticed a hungry ghost
  2696 | D:7      | Killed a hungry ghost
  2809 | D:7      | Reached skill level 5 in Polearms
  2809 | D:7      | Reached skill level 5 in Dodging
  2809 | D:7      | Reached skill level 1 in Stealth
  2809 | D:7      | Your scales start taking on a rich purple colour.
  2809 | D:7      | Reached XP level 7. HP: 62/62 MP: 7/7
  3185 | D:7      | Noticed a deep elf mage
  3217 | D:7      | Killed from afar by a deep elf mage

Skill      XL: |  1  2  3  4  5  6 |
---------------+-------------------+-----
Dodging        | 3 4 5 |  5.0
Fighting       | 4 5 |  5.7
Polearms       | 4 5 |  5.0
Stealth        | 1 |  1.0
Evocations     | |  0.2

Action                   |  1- 3 |  4- 6 |  7- 9 || total
-------------------------+-------+-------+-------++-------
Melee: Spear             |    89 |   518 |       ||   607
       Tailslap          |    11 |   165 |       ||   176
       Halberd           |       |    35 |    12 ||    47
Invok: Berserk           |     3 |     6 |     1 ||    10
       Trog's Hand       |       |     1 |     1 ||     2
Evoke: Wand              |     1 |     1 |       ||     2
  Use: Scroll            |     4 |     3 |       ||     7
       Potion            |       |       |     2 ||     2
 Stab: Sleeping          |     1 |       |       ||     1
  Eat: Fruit             |     2 |       |       ||     2
       Chunk             |     1 |     5 |       ||     6
       Meat ration       |       |     1 |       ||     1
       Bread ration      |       |     1 |       ||     1
Armor: Skin              |    23 |    41 |     5 ||    69
Dodge: Dodged            |    56 |   103 |     2 ||   161
